 Dungeon Crawl Stone Soup version 0.32-a0-938-g40ac7a0f4d (webtiles) character file.

Game seed: 14036001995660833096

8073 jestert79 the Grappler (level 11, -2/97 HPs)
             Began as a Troll Shapeshifter on Apr 15, 2024.
             Was a Believer of Beogh.
             Slain by a sixfirhy (10 damage)
             ... summoned by a kobold demonologist
             ... on level 8 of the Dungeon.
             The game lasted 00:24:30 (8207 turns).

jestert79 the Grappler (Troll Shapeshifter)         Turns: 8207, Time: 00:24:30

Health: -2/97      AC:  7    Str: 32    XL:     11   Next: 5%
Magic:  10/10      EV: 10    Int:  3    God:    Beogh [**....]
Gold:   328        SH:  0    Dex: 17    Spells: 10/10 levels left

rFire   + .          .
                       - Unarmed
rCold   . . .        (no shield)
rNeg    + . .        A - +0 steam dragon scales
rPois   +            (helmet currently unavailable)
rElec   .            (cloak currently unavailable)
rCorr   +            (gloves unavailable)
SInv    .            (boots unavailable)
Will    .....        K - amulet of Eternal Harmony {Regen+ Dex+3}
Stlth   ++           w - ring of Hetreh {rC+ rCorr Str+6}
HPRegen 1.96/turn    x - ring "Vallauva" {Fire rPois rN+ Int-3 Dex+3}
MPRegen 0.12/turn

%: no passive effects
@: beast-form, weakened
A: beast (slay +4), large, unfitting armour, claws 3, regeneration 1, shaggy fur
1, tough skin 1
a: Begin Untransformation, Renounce Religion, Smiting


You were on level 8 of the Dungeon.
You worshipped Beogh.
Beogh was pleased with you.
You were a hulking beast.
You visited 1 branch of the dungeon, and saw 8 of its levels.
You also visited: Sewer.

You collected 455 gold pieces.
You spent 127 gold pieces at shops.

Inventory:

Missiles
 e - 27 poisoned darts (quivered)
 m - 5 javelins
 r - 4 large rocks
 F - 2 curare-tipped darts
Armour
 p - a +0 cloak
 A - +0 steam dragon scales (worn)
Jewellery
 w - the ring of Hetreh (left claw) {rC+ rCorr Str+6}
   (You took it off Duvessa on level 7 of the Dungeon)

   [ring of strength]

   Str+6:     It affects your strength (+6).
   rC+:       It protects you from cold.
   rCorr:     It protects you from acid and corrosion.
 x - the ring "Vallauva" (right claw) {Fire rPois rN+ Int-3 Dex+3}
   (You took it off a centaur on level 7 of the Dungeon)

   [ring of fire]

   Fire:      It enhances your fire magic.
   Int-3:     It affects your intelligence (-3).
   Dex+3:     It affects your dexterity (+3).
   rF+:       It protects you from fire.
   rC-:       It makes you vulnerable to cold.
   rPois:     It protects you from poison.
   rN+:       It protects you from negative energy.
 I - the ring "Laik" {Fire rN++ Int-5 Dex+5}
   (You took it off an orc warrior on level 7 of the Dungeon)

   [ring of fire]

   Fire:      It enhances your fire magic.
   Int-5:     It affects your intelligence (-5).
   Dex+5:     It affects your dexterity (+5).
   rF+:       It protects you from fire.
   rC-:       It makes you vulnerable to cold.
   rN++:      It greatly protects you from negative energy.
 K - the amulet of Eternal Harmony (around neck) {Regen+ Dex+3}
   (You took it off an orc warrior on level 7 of the Dungeon)

   [amulet of regeneration]

   Dex+3:     It affects your dexterity (+3).
   Regen+:    It increases your rate of health regeneration.
Talismans
 c - a beast talisman (active)
 d - a flux talisman
 t - a serpent talisman
Wands
 g - a wand of charming (12)
 z - a wand of mindburst (22)
Scrolls
 a - a scroll of enchant armour
 k - a scroll of fog
 n - a scroll of revelation
 o - a scroll of amnesia
 s - a scroll of fear
 y - a scroll of summoning
 B - 3 scrolls of vulnerability
 G - a scroll of poison
 J - a scroll of teleportation
Potions
 b - 3 potions of lignification
 f - 2 potions of heal wounds
 i - a potion of magic
 j - a potion of cancellation
 l - 2 potions of mutation
 u - 4 potions of curing
 C - 2 potions of haste
 D - a potion of resistance
 E - a potion of attraction
 H - a potion of might
Miscellaneous
 v - a tin of tremorstones (2/2)


   Skills:
 + Level 3.1 Fighting
 - Level 5.0 Throwing
 + Level 3.4 Dodging
 + Level 11.2 Unarmed Combat
 + Level 10.4 Shapeshifting


You had 10 spell levels left.
You didn't know any spells.
Your spell library contained the following spells:

 Spells                   Type           Power      Damage    Failure   Level
 Foxfire                  Conj/Fire      0%         2x1d4     52%         1
 Cigotuvi's Dreadful Rot  Necr/Alch/Air  0%         N/A       67%         2
 Animate Armour           Summ/Erth      0%         N/A       99%         4
 Ignite Poison            Fire/Alch      0%         N/A       99%         4
 Summon Lightning Spire   Summ/Air       0%         N/A       99%         4
 Freezing Cloud           Conj/Ice/Air   0%         6-21      100%        5
 Lee's Rapid Deconstruct  Erth           0%         3d4*      100%        5
 Plasma Beam              Fire/Air       0%         2x1d10    100%        6
 Starburst                Conj/Fire      0%         6d3       100%        6


Dungeon Overview and Level Annotations

Branches:
Dungeon (8/15)             Temple (0/1) D:5           Sewer (visited)
   Lair: D:8-11

Altars:
Dithmenos

Shops:
D:5 *

Annotations:
D:5 1 runed translucent door, Crazy Yiuf
D:8 2 exclusions


Innate Abilities, Weirdness & Mutations

You are a hulking beast.
Your limbs bulge with bestial killing power. (Slay +4)
Your facial features look somewhat orcish.
You are too large for most types of armour.
You have claws for hands.
Your natural rate of healing is unusually fast.
You are covered in fur. (AC +1)
You have tough skin. (AC +1)


Message History

The kobold demonologist is moderately wounded.
The quasit bites you but does no damage.
The quasit claws you but does no damage. x2
The killer bee stings you but does no damage.
Unknown command.
You scratch the kobold demonologist.
The kobold demonologist is heavily wounded.
The killer bee barely misses you. The quasit closely misses you.
The quasit claws you but does no damage.
The quasit closely misses you. The sixfirhy hits you. The sixfirhy shocks you!
The orange demon stings you.
The orange demon hits you but does no damage.
The kobold demonologist hits you but does no damage.
The killer bee stings you but does no damage.
The quasit bites you but does no damage.
The quasit barely misses you.
The quasit claws you but does no damage.
You claw the kobold demonologist!
The kobold demonologist is severely wounded.
The sixfirhy hits you. The sixfirhy shocks you!
The sixfirhy hits you but does no damage.
The sixfirhy hits you! The sixfirhy shocks you!
* * * LOW HITPOINT WARNING * * *
The killer bee stings you.
* * * LOW HITPOINT WARNING * * *
The orange demon stings you.
* * * LOW HITPOINT WARNING * * *
The orange demon closely misses you.
The kobold demonologist mumbles some strange words.
The quasit bites you.
* * * LOW HITPOINT WARNING * * *
The quasit barely misses you.
The quasit claws you but does no damage.
The sixfirhy hits you but does no damage.
You claw the kobold demonologist!
The kobold demonologist is almost dead.
The sixfirhy hits you!
* * * LOW HITPOINT WARNING * * *
The sixfirhy shocks you!
You die...

.. ###... #.. #.## ####.†..#
...###... #####....#### .......#
##..†.....# #......###..##..####
#.#........###)##
#.#.......###..########
##....y)5.3###)##)...~~~ ##
.##....#.h35....##~####### #..###
........)4K....##~##..P$.≈ ......
........##.##.#.#~#...~P.≈ ###.##
........##.##.#.#.#.....[)
###.##.................#)#'..~~SS
..........[..........###..#..~~÷≈
.....................# ##~#######
...#.........).....#.# #~~ .~÷
.>.................#.. ##~# .P.


You could see an orange demon (summoned), a kobold demonologist, 2 sixfirhies, a
killer bee, a quasit (summoned) and a shadow imp (summoned).

Vanquished Creatures
  2 two-headed ogres
  Pikel (D:5)
  A manticore (D:7)
  2 kobold demonologists (D:7)
  A komodo dragon (D:7)
  Jeremiah (D:7)
  3 trolls
  A slime creature (D:7)
  A wyvern (D:6)
  Eustachio (D:5)
  A yak (D:7)
  2 basilisks (D:8)
  2 steam dragons
  A vampire mosquito (D:7)
  Duvessa (D:7)
  3 orc warriors (D:7)
  A sky beast (D:6)
  4 ogres
  4 lemures (D:5)
  3 centaurs
  A phantom (D:7)
  A kobold brigand (D:8)
  A gnoll sergeant (D:8)
  2 bullfrogs
  6 scorpions
  6 wights
  Dowan (D:7)
  4 killer bees
  4 howler monkeys (D:7)
  3 jellies
  2 hounds (D:5)
  A gnoll bouda (D:7)
  2 orc priests
  6 iguanas
  2 orc wizards
  8 gnolls
  12 adders
  A shadow imp (D:8)
  2 white imps
  9 dart slugs
  A ribbon worm (D:2)
  20 orcs
  12 ball pythons
  10 endoplasms
  8 giant cockroaches
  8 goblins
  7 hobgoblins
  8 quokkas
  6 bats
  18 frilled lizards
  5 kobolds
  9 rats
222 creatures vanquished.

Vanquished Creatures (others)
  3 orcs
  A frilled lizard (Sewer)
4 creatures vanquished.

Grand Total: 226 creatures vanquished

Notes
Turn   | Place    | Note
-------+----------+-------------------------------------------
     0 | D:1      | jestert79 the Troll Shapeshifter began the quest for the
                  | Orb.
     0 | D:1      | Reached XP level 1. HP: 18/18 MP: 0/0
   110 | D:1      | Reached XP level 2. HP: 26/26 MP: 1/1
   462 | D:1      | Reached XP level 3. HP: 32/32 MP: 2/2
  1068 | D:2      | Reached skill level 4 in Unarmed Combat
  1473 | D:3      | Reached XP level 4. HP: 40/40 MP: 3/3
  1549 | D:3      | Found a glowing drain.
  1572 | Sewer    | Entered a sewer
  1834 | Sewer    | Noticed a bullfrog
  1840 | Sewer    | Killed a bullfrog
  1841 | Sewer    | Reached XP level 5. HP: 42/46 MP: 4/4
  2148 | D:3      | Reached skill level 5 in Unarmed Combat
  2293 | D:3      | Found a shadowy altar of Dithmenos.
  2756 | D:4      | Noticed an ogre
  2767 | D:4      | Killed an ogre
  2768 | D:4      | Reached skill level 5 in Shapeshifting
  2768 | D:4      | Reached XP level 6. HP: 32/54 MP: 5/5
  2854 | D:4      | Became a worshipper of Beogh the Shepherd
  3220 | D:4      | Reached skill level 6 in Unarmed Combat
  3231 | D:4      | Reached XP level 7. HP: 53/61 MP: 6/6
  3380 | D:5      | Entered Level 5 of the Dungeon
  3596 | D:5      | Noticed Pikel
  3674 | D:5      | HP: 3/61 [Pikel/+2 whip of flaming (3)]
  3676 | D:5      | Killed Pikel
  3677 | D:5      | Reached skill level 7 in Unarmed Combat
  3677 | D:5      | Reached XP level 8. HP: 26/68 MP: 7/7
  3850 | D:5      | Identified the +1 whip "Goyc" {speed, *Rage rPois rF++}
  3913 | D:5      | Found a staircase to the Ecumenical Temple.
  3918 | D:5      | Noticed Eustachio
  4067 | D:5      | Killed Eustachio
  4067 | D:5      | Reached * piety under Beogh
  4068 | D:5      | Reached skill level 8 in Unarmed Combat
  4163 | D:5      | Reached skill level 1 in Fighting
  4199 | D:5      | Found a runed translucent door.
  4200 | D:5      | Noticed Crazy Yiuf
  4333 | D:5      | Found Quehishro's General Store.
  4352 | D:5      | Bought 3 curare-tipped darts for 39 gold pieces
  4352 | D:5      | Bought a scroll of identify for 22 gold pieces
  4352 | D:5      | Bought a scroll of identify for 22 gold pieces
  4352 | D:5      | Bought a scroll of poison for 44 gold pieces
  4867 | D:6      | Reached XP level 9. HP: 32/79 MP: 8/8
  5940 | D:7      | Identified the +6 scale mail of Mexic {rPois Will- Dex+4}
  6057 | D:7      | Reached skill level 9 in Unarmed Combat
  6157 | D:7      | Identified the +1 quarterstaff of Fragile Peace {drain, rN+
                  | rCorr Stlth+}
  6188 | D:7      | Identified the +2 rapier "Boalopn" {elec, Will+ MP+9 Int+3}
  6619 | D:7      | Noticed Jeremiah
  6640 | D:7      | Killed Jeremiah
  6641 | D:7      | Reached skill level 1 in Throwing
  6884 | D:7      | Noticed a manticore
  6884 | D:7      | Noticed a kobold demonologist
  6888 | D:7      | Found a runed translucent door.
  6897 | D:7      | Killed a kobold demonologist
  6903 | D:7      | Killed a manticore
  6940 | D:7      | Identified the ring of Hetreh {rC+ rCorr Str+6}
  6940 | D:7      | Noticed Duvessa
  6945 | D:7      | Killed Duvessa
  6975 | D:7      | Noticed Dowan
  6994 | D:7      | Killed Dowan
  6996 | D:7      | Reached XP level 10. HP: 65/89 MP: 6/9
  7045 | D:7      | Reached ** piety under Beogh
  7068 | D:7      | Identified the ring "Vallauva" {Fire rPois rN+ Int-3 Dex+3}
  7118 | D:7      | Reached skill level 10 in Unarmed Combat
  7129 | D:7      | Identified the ring "Laik" {Fire rN++ Int-5 Dex+5}
  7288 | D:7      | Noticed a two-headed ogre
  7288 | D:7      | Identified the amulet of Eternal Harmony {Regen+ Dex+3}
  7312 | D:7      | Killed a two-headed ogre
  7676 | D:8      | Noticed a two-headed ogre
  7686 | D:8      | Reached skill level 5 in Throwing
  7686 | D:8      | Killed a two-headed ogre
  7687 | D:8      | Reached skill level 10 in Shapeshifting
  7807 | D:8      | Reached skill level 11 in Unarmed Combat
  8016 | D:8      | Noticed a sun demon
  8022 | D:7      | Reached XP level 11. HP: 94/96 MP: 10/10
  8200 | D:8      | Noticed a sixfirhy
  8207 | D:8      | Noticed a sixfirhy
  8207 | D:8      | Slain by a sixfirhy

Illustrated notes

Levels and vault maps discovered:
D:1:      elethiomel_arrival_diamonds, layout_basic,
          minmay_misc_feat_more_columns, minmay_liquid_box, st_stairs_7
D:2:      layout_basic
D:3:      layout_basic, mainiacjoe_overflow_catwalk, portal_sewer_entry_f,
          chequers_serial_rivers_micro_a, st_stairs_5
D:4:      layout_loops_ring
D:5:      layout_cave_pods, minmay_temple_entry_tees, serial_shops,
          nicolae_shop_advertising_works [nicolae_subvault_shop_adworks],
          nicolae_houndstooth_variations, uniq_crazy_yiuf_cottage,
          uniq_eustachio, uniq_pikel
D:6:      layout_basic, hangedman_glass_teeth, serial_park_tiny_1,
          chequers_serial_rivers_small_b, minmay_misc_feat_doors,
          nicolae_half_adder
D:7:      minmay_the_grid_triangle_9x9_rhombus_full
          [minmay_the_grid_triangle_9x9_zippers_vertical,
          minmay_the_grid_triangle_9x9_swiss_cheese,
          minmay_the_grid_triangle_9x9_impossible_snake,
          minmay_the_grid_triangle_9x9_subtriangle,
          minmay_the_grid_triangle_9x9_dagger,
          minmay_the_grid_triangle_9x9_wacky_v,
          minmay_the_grid_triangle_9x9_sparse_checkered,
          minmay_the_grid_triangle_9x9_prize_special], layout_basic,
          uniq_duvessa, uniq_jeremiah
D:8:      cheibrodos_two_vegetables, layout_rooms, erik_lair_dragon,
          nicolae_titane

Skill      XL: |  1  2  3  4  5  6  7  8  9 10 11 |
---------------+----------------------------------+-----
Unarmed Combat | 4 5 6 7 8 9 11 | 11.2
Shapeshifting  | 4 5 7 8 9 10 | 10.4
Fighting       | 2 3 |  3.1
Dodging        | 2 3 |  3.4
Throwing       | 3 5 |  5.0

Action                     |  1- 3 |  4- 6 |  7- 9 | 10-12 || total
---------------------------+-------+-------+-------+-------++-------
  Melee: Unarmed           |    95 |   151 |   204 |   106 ||   556
         Punch             |     1 |     2 |    11 |     6 ||    20
  Throw: Dart              |       |     5 |    23 |    13 ||    41
         Javelin           |       |       |       |     3 ||     3
         Large rock        |       |       |       |     2 ||     2
 Invoke: Convert to Beogh  |       |     1 |       |       ||     1
  Evoke: Wand              |       |       |     7 |     5 ||    12
    Use: Scroll            |       |       |    21 |       ||    21
         Potion            |       |       |     2 |       ||     2
 Armour: Animal skin       |    55 |    93 |   100 |       ||   248
         Steam dragon scal |       |       |    38 |   115 ||   153
  Dodge: Dodged            |    33 |    61 |    59 |    58 ||   211
   Form: Beast             |       |       |       |     1 ||     1
         Flux              |       |       |       |     1 ||     1

Table legend: (Time is in decaauts)
 A = Elapsed time spent in this place.
 B = Non-inter-level travel time spent in this place.
 C = Inter-level travel time spent in this place.
 D = Time resting spent in this place.
 E = Time spent auto-exploring this place.
 F = Levels seen in this place.
 G = Mean time per level.
                   A        B        C        D        E       F      G
               +--------+--------+--------+--------+--------+-----+--------+
         Total |   8141 |   7451 |    690 |    595 |   4359 |   9 |  904.6 |
       Dungeon |   7602 |   6912 |    690 |    595 |   4168 |   8 |  950.2 |
         Sewer |    539 |    539 |      0 |      0 |    191 |   1 |  539.0 |
               +--------+--------+--------+--------+--------+-----+--------+

Top non-repeatable levels by time:
     D:7: 2022 daAuts
     D:5: 1319 daAuts
     D:6: 1055 daAuts
     D:3: 811 daAuts
     D:4: 743 daAuts
     D:2: 719 daAuts
     D:1: 588 daAuts
   Sewer: 539 daAuts
     D:8: 342 daAuts
